 Dungeon Crawl Stone Soup version 0.23.2-40-g277498a001 (webtiles) character file.

Game seed: 5675589258075649615

203 DildoBatman the Conjurer (level 6, -1/41 HPs)
             Began as a Formicid Wizard on Sept 16, 2019.
             Slain by a bullfrog (4 damage)
             ... in a sewer.
             The game lasted 00:10:56 (3771 turns).

DildoBatman the Conjurer (Formicid Wizard)          Turns: 3771, Time: 00:10:57

Health: -1/41      AC:  5    Str: 12    XL:     6   Next: 8%
Magic:  0/10       EV: 12    Int: 19    God:
Gold:   177        SH:  0    Dex:  9    Spells: 4/11 levels left

rFire    . . .     SeeInvis +   a - +0 mace
rCold    + . .     Gourm    .   (no shield)
rNeg     + . .     Faith    .   u - +0 robe
rPois    .         Spirit   .   (helmet unavailable)
rElec    .         Reflect  .   j - +2 cloak
rCorr    .         Harm     .   (no gloves)
MR       .....                  (no boots)
Stlth    ++........             (no amulet)
HPRegen  0.13/turn              q - ring of positive energy
MPRegen  0.12/turn              s - ring of protection from cold

@: very slightly contaminated
A: permanent stasis, dig shafts and tunnels, four strong arms, antennae 3
a: Dig, Shaft Self


You were in a sewer.
You were not hungry.

You visited 1 branch of the dungeon, and saw 3 of its levels.
You also visited: Sewer.

You collected 177 gold pieces.

Inventory:

Hand Weapons
 a - a +0 mace (weapon)
 b - a +0 flail
 i - a +0 dagger of freezing
 k - a +0 spear
Missiles
 d - 6 javelins (quivered)
 g - 64 stones
 n - 32 poisoned needles
Armour
 h - a +1 ring mail of cold resistance
 j - a +2 cloak (worn)
 u - a +0 robe (worn)
Jewellery
 q - a ring of positive energy (left hand)
 s - a ring of protection from cold (right hand)
Wands
 w - a wand of paralysis (7)
Scrolls
 c - 7 scrolls of magic mapping {unknown}
 e - 2 scrolls of teleportation {unknown}
 f - 6 scrolls of identify {unknown}
 t - a scroll of enchant armour {unknown}
 y - a scroll of fog {unknown}
Potions
 l - a potion of haste {unknown}
 m - 2 potions of curing {unknown}
 p - 2 potions of mutation {unknown}
 r - a potion of berserk rage {unknown}
 x - a potion of flight {unknown}
 z - a potion of brilliance {unknown}
 A - a potion of might {unknown}
 B - 2 potions of heal wounds {unknown}
Comestibles
 o - a chunk of flesh
 v - 5 rations


   Skills:
 - Level 1.7 Dodging
 - Level 4.2 Stealth
 - Level 3.2 Spellcasting
 * Level 4.3 Conjurations
   Level 1.0 Summonings
   Level 0.8 Translocations


You had 4 spell levels left.
You knew the following spells:

 Your Spells              Type           Power        Failure   Level  Hunger
a - Conjure Flame         Conj/Fire      ##......     19%         3    ###....
c - Magic Dart            Conj           ###.         2%          1    None
e - Mephitic Cloud        Conj/Pois/Air  #.......     24%         3    ###....

Your spell library contained the following spells:

 Spells                   Type           Power        Failure   Level  Hunger
 Call Imp                 Summ           #.......     16%         2    ##.....
 Slow                     Hex            #.......     22%         2    ##.....
 Blink                    Tloc           Unusable     N/A         2    N/A

Dungeon Overview and Level Annotations

Branches:
Dungeon (3/15)

Altars:

Annotations:
D:1 exclusions: hobgoblin, 2 sensed monsters (detected), upstairs and worm
D:2 1 exclusion


Innate Abilities, Weirdness & Mutations

You cannot be hasted, slowed, berserked, paralysed or teleported.
You can dig through walls and to a lower floor.
Your four strong arms can wield two-handed weapons with a shield.
You have a pair of large antennae on your head. (SInv)


Message History

The bullfrog barely misses you.
Casting: Magic Dart (safe; 2% risk of failure)
Confirm with . or Enter, or press ? or * to list all spells.
Aiming: Magic Dart (safe; 2% risk of failure)
Press: ? - help, Shift-Dir - straight line, f/p - bullfrog
Aim: a bullfrog (severely wounded)
The magic dart hits the bullfrog.
The bullfrog is almost dead.
The bullfrog barely misses you.
The bullfrog hits you but does no damage.
You closely miss the bullfrog.
The bullfrog is almost dead.
The bullfrog hits you! The bullfrog barely misses you.
Aiming: Paralyse
Press: ? - help, Shift-Dir - straight line, f/p - bullfrog
Aim: a bullfrog (almost dead, chance to defeat MR: 46%)
The bullfrog resists with some effort.
The bullfrog hits you.
You die...

...##### ....'..# ....#..#
#...####
#....################## #+
#......≈≈≈≈≈≈≈≈≈≈≈≈≈≈≈#...
##.....≈≈≈≈≈≈≈≈≈≈≈≈≈≈≈....
#....≈≈≈≈≈≈≈≈≈≈≈≈≈≈≈#....
#.....≈≈≈≈≈≈#≈≈@F≈≈≈≈....
##....≈≈≈≈≈≈≈..≈#≈≈≈≈....
###..≈≈≈≈≈≈≈≈≈≈≈≈≈≈≈#.†.
################### #


You could see a bullfrog.

Vanquished Creatures
  6 river rats (Sewer)
  5 adders
  A dart slug (D:1)
  2 leopard geckos (D:3)
  5 orcs (D:3)
  7 giant cockroaches
  3 goblins
  7 hobgoblins
  5 jackals
  16 ball pythons (Sewer)
  5 bats
  10 frilled lizards
  8 kobolds
  25 rats
105 creatures vanquished.

Notes
Turn   | Place    | Note
-------+----------+-------------------------------------------
     0 | D:1      | DildoBatman the Formicid Wizard began the quest for the
                  | Orb.
     0 | D:1      | Reached XP level 1. HP: 13/13 MP: 4/4
    40 | D:1      | Reached skill level 1 in Conjurations
   191 | D:1      | Reached XP level 2. HP: 19/19 MP: 0/6
   640 | D:1      | Reached XP level 3. HP: 23/24 MP: 4/7
   648 | D:1      | Learned a level 3 spell: Conjure Flame
   652 | D:1      | Learned a level 3 spell: Mephitic Cloud
  1835 | D:2      | Reached XP level 4. HP: 30/30 MP: 1/8
  2285 | D:3      | Found a glowing drain.
  2320 | D:3      | Reached XP level 5. HP: 24/35 MP: 1/9
  2369 | Sewer    | Entered a sewer
  3520 | Sewer    | Reached XP level 6. HP: 32/41 MP: 2/10
  3771 | Sewer    | Slain by a bullfrog

Skill      XL: |  1  2  3  4  5 |
---------------+----------------+-----
Conjurations   | 1 2 3 4 |  4.3
Stealth        | 3 4 |  4.2
Dodging        | |  1.7
Spellcasting   | |  3.2
Summonings     | |  1.0
Translocations | |  0.8

Action                   |  1- 3 |  4- 6 || total
-------------------------+-------+-------++-------
Melee: Unarmed           |     8 |       ||     8
       Club              |    47 |    49 ||    96
       Mace              |       |    39 ||    39
       Dagger            |       |     3 ||     3
 Cast: Magic Dart        |    69 |   147 ||   216
       Mephitic Cloud    |       |     1 ||     1
 Abil: Dig               |    10 |     8 ||    18
Evoke: Wand              |       |     2 ||     2
 Stab: Paralysed         |       |     1 ||     1
  Eat: Chunk             |     4 |     9 ||    13
Armor: Robe              |    23 |    36 ||    59
Dodge: Dodged            |    52 |    97 ||   149
